3078 views
Uploaded 2020-04-08 06:45:05
Game version 1.32.2
48:58 long 1on1on1on1 ladder game on (8)TwilightRuins_LV
Saved by lowlyworm
3078 views
Uploaded 2020-04-08 06:45:05
Game version 1.32.2
48:58 long 1on1on1on1 ladder game on (8)TwilightRuins_LV

42 units @ 5.5k
/ 0.7k
62 buildings @ 10.4k
/ 3.7k



| Rod of Necromancy | 3 | 450 |
| Sacrificial Skull | 1 | 50 |
| Orb of Corruption | 1 | 375 |
| Potion of Mana | 2 | 400 |
| Potion of Healing | 2 | 300 |
| Scroll of Healing | 1 | 250 |
| Dust of Appearance | 1 | 75 |
| Scroll of Town Portal | 3 | 1050 |
| Potion of Lesser Invulnerability | 2 | 300 |
| Claws of Attack +9 | 1 | 300 |
| Khadgar's Pipe of Insight | 1 | 500 |
| Pendant of Energy | 1 | 300 |
| Ancient Janggo of Endurance | 1 | 500 |
| Potion of Invulnerability | 2 | 800 |
| Potion of Restoration | 1 | 550 |
| Claws of Attack +12 | 1 | 500 |
| Scroll of Restoration | 1 | 550 |
| total: | 25 | 7250g |
| Acolyte | 26 | 1950 | / | 0 |
| Ghoul | 7 | 840 | / | 0 |
| Obsidian Statue | 2 | 400 | / | 70 |
| Gargoyle | 1 | 175 | / | 30 |
| Frost Wyrm | 1 | 385 | / | 120 |
| Abomination | 1 | 240 | / | 70 |
| Goblin Shredder | 4 | 1500 | / | 400 |
| total: | 42 | 5490g | / | 690w |
| Nerubian Tower | 10 | 1000 | / | 200 |
| Spirit Tower | 4 | 580 | / | 160 |
| Crypt | 7 | 1400 | / | 350 |
| Altar of Darkness | 1 | 180 | / | 50 |
| Ziggurat | 27 | 4050 | / | 1350 |
| Tomb of Relics | 5 | 650 | / | 150 |
| Necropolis | 9 | 2025 | / | 0 |
| Graveyard | 2 | 430 | / | 0 |
| Slaughterhouse | 4 | 560 | / | 540 |
| Sacrificial Pit | 1 | 75 | / | 150 |
| Temple of the Damned | 2 | 310 | / | 280 |
| Boneyard | 4 | 700 | / | 800 |
| Halls of the Dead | 4 | 1280 | / | 840 |
| Black Citadel | 4 | 1300 | / | 920 |
| total: | 62 | 10380g | / | 3670w |
| 0:02 | Acolyte |
| 0:09 | Crypt |
| 0:13 | Altar of Darkness |
| 0:24 | Ziggurat |
| 0:32 | Acolyte |
| 0:32 | Acolyte |
| 0:46 | Acolyte |
| 1:03 | Tomb of Relics |
| 1:10 | Ghoul |
| 1:27 | Ghoul |
| 2:09 | Necropolis |
| 2:12 | Rod of Necromancy |
| 2:22 | Death Coil |
| 2:29 | Halls of the Dead |
| 2:43 | Ghoul |
| 2:51 | Graveyard |
| 3:13 | Rod of Necromancy |
| 3:18 | Ghoul |
| 4:08 | Ghoul |
| 4:20 | Ziggurat |
| 4:26 | Ghoul |
| 4:32 | Sacrificial Skull |
| 5:13 | Slaughterhouse |
| 5:32 | Unholy Aura |
| 5:38 | Ziggurat |
| 5:40 | Acolyte |
| 5:41 | Acolyte |
| 5:58 | Black Citadel |
| 6:07 | Rod of Necromancy |
| 6:15 | Acolyte |
| 6:25 | Frost Nova |
| 6:28 | Acolyte |
| 7:21 | Ghoul |
| 7:22 | Obsidian Statue |
| 7:24 | Acolyte |
| 7:26 | Nerubian Tower |
| 7:29 | Crypt |
| 7:40 | Creature Attack |
| 7:49 | Ziggurat |
| 7:50 | Slaughterhouse |
| 7:55 | Acolyte |
| 8:20 | Obsidian Statue |
| 8:27 | Destroyer Form |
| 8:48 | Death Coil |
| 8:52 | Goblin Shredder |
| 9:25 | Ziggurat |
| 9:27 | Improved Creature Attack |
| 9:29 | Frost Armor |
| 9:38 | Orb of Corruption |
| 10:12 | Ziggurat |
| 10:16 | Sacrificial Pit |
| 10:17 | Spirit Tower |
| 10:21 | Sleep |
| 10:50 | Crypt |
| 10:54 | Crypt |
| 10:55 | Ghoul Frenzy |
| 11:07 | Frost Nova |
| 11:22 | Carrion Swarm |
| 11:40 | Unholy Aura |
| 11:56 | Ziggurat |
| 11:57 | Disease Cloud |
| 11:59 | Web |
| 11:59 | Cannibalize |
| 12:16 | Acolyte |
| 12:32 | Creature Carapace |
| 12:42 | Acolyte |
| 13:39 | Acolyte |
| 14:01 | Ziggurat |
| 14:03 | Ziggurat |
| 14:04 | Crypt |
| 14:05 | Unholy Strength |
| 14:06 | Unholy Armor |
| 14:20 | Necropolis |
| 14:35 | Carrion Swarm |
| 14:52 | Necropolis |
| 15:09 | Acolyte |
| 15:41 | Necropolis |
| 15:55 | Nerubian Tower |
| 15:56 | Nerubian Tower |
| 15:58 | Boneyard |
| 16:00 | Boneyard |
| 16:01 | Boneyard |
| 16:04 | Temple of the Damned |
| 16:05 | Temple of the Damned |
| 16:13 | Frost Armor |
| 17:26 | Potion of Lesser Invulnerability |
| 17:27 | Scroll of Healing |
| 17:32 | Acolyte |
| 17:33 | Acolyte |
| 17:35 | Acolyte |
| 18:31 | Improved Creature Carapace |
| 18:31 | Advanced Creature Attack |
| 18:36 | Banshee Adept Training |
| 19:05 | Acolyte |
| 19:12 | Potion of Mana |
| 19:28 | Claws of Attack +9 |
| 19:37 | Khadgar's Pipe of Insight |
| 19:50 | Pendant of Energy |
| 19:54 | Death Coil |
| 20:03 | Dust of Appearance |
| 20:11 | Necropolis |
| 20:52 | Ziggurat |
| 20:52 | Ziggurat |
| 20:53 | Ziggurat |
| 20:54 | Ziggurat |
| 21:16 | Acolyte |
| 21:17 | Acolyte |
| 21:33 | Nerubian Tower |
| 21:40 | Sleep |
| 21:53 | Graveyard |
| 22:16 | Nerubian Tower |
| 23:04 | Frost Nova |
| 23:21 | Nerubian Tower |
| 23:22 | Nerubian Tower |
| 23:23 | Spirit Tower |
| 23:26 | Tomb of Relics |
| 23:47 | Ancient Janggo of Endurance |
| 24:09 | Advanced Creature Carapace |
| 24:11 | Improved Unholy Armor |
| 24:12 | Improved Unholy Strength |
| 26:09 | Carrion Swarm |
| 26:30 | Advanced Unholy Armor |
| 28:10 | Potion of Healing |
| 28:14 | Scroll of Town Portal |
| 28:37 | Potion of Invulnerability |
| 28:43 | Potion of Restoration |
| 30:08 | Freezing Breath |
| 30:09 | Burrow |
| 30:09 | Stone Form |
| 30:11 | Banshee Master Training |
| 30:24 | Halls of the Dead |
| 30:39 | Necropolis |
| 31:09 | Animate Dead |
| 32:55 | Advanced Unholy Strength |
| 33:08 | Acolyte |
| 34:46 | Death and Decay |
| 35:44 | Acolyte |
| 35:44 | Acolyte |
| 35:50 | Ziggurat |
| 35:51 | Ziggurat |
| 35:53 | Ziggurat |
| 35:56 | Ziggurat |
| 35:57 | Crypt |
| 36:05 | Scroll of Town Portal |
| 36:21 | Crypt |
| 36:23 | Acolyte |
| 36:23 | Acolyte |
| 36:45 | Nerubian Tower |
| 36:46 | Spirit Tower |
| 36:49 | Nerubian Tower |
| 36:57 | Tomb of Relics |
| 37:02 | Nerubian Tower |
| 38:09 | Boneyard |
| 38:10 | Slaughterhouse |
| 38:10 | Slaughterhouse |
| 39:38 | Inferno |
| 39:38 | Inferno |
| 39:49 | Gargoyle |
| 39:49 | Frost Wyrm |
| 40:08 | Acolyte |
| 40:20 | Abomination |
| 40:45 | Potion of Healing |
| 41:58 | Potion of Mana |
| 42:10 | Black Citadel |
| 42:15 | Necropolis |
| 42:29 | Scroll of Town Portal |
| 42:49 | Claws of Attack +12 |
| 42:52 | Potion of Invulnerability |
| 42:55 | Scroll of Restoration |
| 43:31 | Potion of Lesser Invulnerability |
| 43:57 | Ziggurat |
| 43:58 | Ziggurat |
| 43:58 | Ziggurat |
| 43:59 | Ziggurat |
| 44:00 | Ziggurat |
| 44:04 | Death Pact |
| 44:37 | Goblin Shredder |
| 44:37 | Goblin Shredder |
| 45:39 | Sleep |
| 45:52 | Necropolis |
| 45:54 | Necropolis |
| 46:59 | Goblin Shredder |
| 47:31 | Dark Ritual |
| 47:38 | Ziggurat |
| 47:38 | Ziggurat |
| 47:39 | Ziggurat |
| 47:40 | Ziggurat |
| 47:41 | Ziggurat |
| 47:45 | Tomb of Relics |
| 47:49 | Tomb of Relics |
| Right click | 3331 |
| Select group | 1311 |
| Select | 707 |
| Build/train/purchase | 264 |
| Misc. action | 228 |
| Use ability | 196 |
| Assign group | 56 |
| Item give/drop | 30 |
| Esc | 12 |
57 units @ 8.6k
/ 1.5k
46 buildings @ 7.5k
/ 4.1k



| Healing Salve | 5 | 500 |
| Orb of Lightning | 5 | 1875 |
| Lesser Clarity Potion | 6 | 420 |
| Scroll of Speed | 1 | 50 |
| Scroll of Town Portal | 2 | 700 |
| Staff of Teleportation | 1 | 150 |
| Legion Doom-Horn | 2 | 1000 |
| total: | 22 | 4695g |
| Peon | 10 | 750 | / | 0 |
| Grunt | 3 | 600 | / | 0 |
| Troll Witch Doctor | 11 | 1595 | / | 275 |
| Troll Batrider | 9 | 1440 | / | 360 |
| Shaman | 11 | 1430 | / | 220 |
| Kodo Beast | 2 | 510 | / | 120 |
| Raider | 5 | 900 | / | 200 |
| Troll Berserker | 2 | 280 | / | 40 |
| Tauren | 1 | 280 | / | 80 |
| Spirit Walker | 1 | 195 | / | 35 |
| Demolisher | 1 | 220 | / | 50 |
| Goblin Shredder | 1 | 375 | / | 100 |
| total: | 57 | 8575g | / | 1480w |
| Watch Tower | 24 | 2640 | / | 1920 |
| Altar of Storms | 1 | 180 | / | 50 |
| Orc Burrow | 6 | 960 | / | 240 |
| Barracks | 1 | 180 | / | 50 |
| Voodoo Lounge | 1 | 130 | / | 30 |
| War Mill | 2 | 410 | / | 0 |
| Great Hall | 6 | 2310 | / | 1110 |
| Spirit Lodge | 1 | 150 | / | 150 |
| Beastiary | 3 | 435 | / | 420 |
| Tauren Totem | 1 | 135 | / | 155 |
| Stronghold | 1 | 315 | / | 190 |
| Fortress | 1 | 325 | / | 190 |
| total: | 46 | 7530g | / | 4125w |
| 0:04 | Peon |
| 0:04 | Peon |
| 0:19 | Altar of Storms |
| 0:22 | Peon |
| 0:31 | Orc Burrow |
| 0:35 | Peon |
| 0:44 | Barracks |
| 0:50 | Peon |
| 1:14 | Peon |
| 1:16 | Peon |
| 1:34 | Orc Burrow |
| 1:40 | Peon |
| 1:47 | Grunt |
| 2:07 | Voodoo Lounge |
| 2:24 | Grunt |
| 2:28 | Wind Walk |
| 2:52 | Stronghold |
| 3:12 | War Mill |
| 3:26 | Orc Burrow |
| 4:00 | Critical Strike |
| 4:16 | Orc Burrow |
| 4:35 | Steel Melee Weapons |
| 4:35 | Steel Armor |
| 4:36 | Spiked Barricades |
| 4:38 | Healing Salve |
| 5:18 | Spirit Lodge |
| 5:56 | Fortress |
| 6:15 | Healing Salve |
| 6:18 | Healing Wave |
| 6:26 | Beastiary |
| 6:47 | Witch Doctor Adept Training |
| 6:48 | Troll Witch Doctor |
| 6:48 | Troll Witch Doctor |
| 6:50 | Critical Strike |
| 7:09 | Goblin Shredder |
| 7:55 | Hex |
| 8:29 | Witch Doctor Master Training |
| 8:32 | Ensnare |
| 8:32 | War Drums Damage Increase |
| 8:35 | Thorium Armor |
| 8:42 | Troll Regeneration |
| 8:53 | Orb of Lightning |
| 8:53 | Lesser Clarity Potion |
| 8:54 | Healing Salve |
| 9:01 | Shaman Adept Training |
| 9:04 | Improved Spiked Barricades |
| 9:10 | Orc Burrow |
| 9:29 | Thorium Melee Weapons |
| 10:28 | Troll Witch Doctor |
| 10:29 | Troll Witch Doctor |
| 10:30 | Liquid Fire |
| 10:30 | Troll Batrider |
| 10:53 | Grunt |
| 10:56 | Reinforced Defenses |
| 11:45 | Orb of Lightning |
| 12:09 | Shaman Master Training |
| 12:09 | Shaman |
| 12:56 | Arcanite Armor |
| 12:59 | Kodo Beast |
| 13:05 | Healing Wave |
| 13:28 | Shaman |
| 13:41 | Great Hall |
| 14:02 | Berserker Strength |
| 14:02 | Burning Oil |
| 14:22 | Tauren Totem |
| 14:28 | Steel Ranged Weapons |
| 14:34 | Wind Walk |
| 15:12 | Legion Doom-Horn |
| 15:25 | Berserker Upgrade |
| 16:24 | Pulverize |
| 16:24 | Spirit Walker Adept Training |
| 16:26 | Troll Batrider |
| 16:28 | Beastiary |
| 16:32 | Envenomed Spears |
| 16:38 | Orb of Lightning |
| 16:42 | War Stomp |
| 16:50 | Watch Tower |
| 17:41 | Hex |
| 17:52 | Watch Tower |
| 18:03 | Troll Witch Doctor |
| 18:07 | Shaman |
| 18:12 | Watch Tower |
| 18:24 | Spirit Walker Master Training |
| 18:44 | Endurance Aura |
| 18:53 | Shaman |
| 19:00 | Arcanite Melee Weapons |
| 19:11 | Orb of Lightning |
| 19:12 | Scroll of Speed |
| 19:26 | Peon |
| 19:27 | Pillage |
| 19:28 | Backpack |
| 19:44 | Watch Tower |
| 20:18 | Critical Strike |
| 20:25 | Raider |
| 20:36 | Great Hall |
| 21:03 | Watch Tower |
| 21:16 | Thorium Ranged Weapons |
| 21:21 | Beastiary |
| 21:32 | Troll Batrider |
| 21:32 | Troll Batrider |
| 21:32 | Troll Batrider |
| 21:37 | Legion Doom-Horn |
| 22:14 | Watch Tower |
| 23:03 | Troll Batrider |
| 23:03 | Troll Batrider |
| 23:19 | Troll Berserker |
| 23:20 | Troll Berserker |
| 23:40 | Endurance Aura |
| 24:33 | Kodo Beast |
| 24:34 | Raider |
| 24:36 | Troll Witch Doctor |
| 24:36 | Troll Witch Doctor |
| 24:36 | Shaman |
| 24:36 | Shaman |
| 24:44 | Watch Tower |
| 25:01 | Watch Tower |
| 25:20 | Healing Wave |
| 25:22 | Scroll of Town Portal |
| 25:56 | Tauren |
| 26:29 | Watch Tower |
| 26:30 | Watch Tower |
| 26:37 | Watch Tower |
| 27:17 | Bladestorm |
| 27:43 | Healing Wave |
| 28:15 | Great Hall |
| 28:31 | Healing Salve |
| 32:53 | Great Hall |
| 33:33 | Troll Witch Doctor |
| 35:47 | War Mill |
| 35:53 | Orc Burrow |
| 36:06 | Spirit Walker |
| 37:02 | Troll Witch Doctor |
| 37:02 | Shaman |
| 37:12 | Troll Batrider |
| 38:29 | Shaman |
| 38:32 | Watch Tower |
| 38:46 | Lesser Clarity Potion |
| 38:51 | Orb of Lightning |
| 39:03 | Raider |
| 39:15 | Arcanite Ranged Weapons |
| 39:21 | Peon |
| 39:25 | Watch Tower |
| 39:41 | Watch Tower |
| 40:11 | Troll Batrider |
| 40:52 | Watch Tower |
| 40:53 | Watch Tower |
| 41:10 | War Stomp |
| 41:29 | Watch Tower |
| 42:06 | Wind Walk |
| 42:11 | Great Hall |
| 42:25 | Lesser Clarity Potion |
| 42:33 | Lesser Clarity Potion |
| 42:40 | Watch Tower |
| 42:42 | Watch Tower |
| 43:42 | Troll Witch Doctor |
| 43:43 | Shaman |
| 43:46 | Watch Tower |
| 44:04 | Lesser Clarity Potion |
| 44:06 | Healing Salve |
| 44:19 | Watch Tower |
| 44:20 | Watch Tower |
| 44:48 | Demolisher |
| 44:57 | Watch Tower |
| 44:59 | Shaman |
| 45:00 | Shaman |
| 46:06 | Troll Witch Doctor |
| 46:21 | Raider |
| 46:44 | Raider |
| 47:26 | Watch Tower |
| 47:47 | Lesser Clarity Potion |
| 47:57 | Great Hall |
| 48:33 | Staff of Teleportation |
| 48:38 | Scroll of Town Portal |
| Right click | 1192 |
| Select | 696 |
| Select group | 557 |
| Build/train/purchase | 208 |
| Use ability | 184 |
| Misc. action | 107 |
| Assign group | 78 |
| Item give/drop | 11 |
76 units @ 10.1k
/ 1.4k
68 buildings @ 5.6k
/ 2.9k



| Scroll of Regeneration | 3 | 300 |
| Ivory Tower | 2 | 80 |
| Potion of Healing | 7 | 1050 |
| Lesser Clarity Potion | 5 | 350 |
| Staff of Sanctuary | 3 | 750 |
| Potion of Mana | 2 | 400 |
| Orb of Fire | 1 | 325 |
| Scroll of Town Portal | 10 | 3500 |
| Scroll of Healing | 2 | 500 |
| Potion of Lesser Invulnerability | 2 | 300 |
| Potion of Invisibility | 1 | 100 |
| Boots of Speed | 3 | 750 |
| Staff of Teleportation | 1 | 150 |
| Potion of Invulnerability | 2 | 800 |
| Stone Token | 2 | 1100 |
| Potion of Greater Healing | 2 | 800 |
| Red Drake Egg | 1 | 550 |
| Legion Doom-Horn | 1 | 500 |
| Spiked Collar | 1 | 550 |
| Sentry Wards | 1 | 150 |
| total: | 52 | 13005g |
| Peasant | 34 | 2550 | / | 0 |
| Footman | 1 | 135 | / | 0 |
| Rifleman | 8 | 1640 | / | 240 |
| Sorceress | 7 | 1085 | / | 140 |
| Priest | 4 | 540 | / | 40 |
| Spell Breaker | 3 | 645 | / | 90 |
| Siege Engine | 4 | 780 | / | 240 |
| Mortar Team | 3 | 540 | / | 210 |
| Knight | 4 | 980 | / | 240 |
| Flying Machine | 4 | 400 | / | 120 |
| Dragonhawk Rider | 4 | 800 | / | 120 |
| total: | 76 | 10095g | / | 1440w |
| Scout Tower | 36 | 1080 | / | 720 |
| Arcane Tower | 13 | 910 | / | 650 |
| Guard Tower | 15 | 1050 | / | 750 |
| Lumber Mill | 2 | 240 | / | 0 |
| Farm | 13 | 1040 | / | 260 |
| Altar of Kings | 1 | 180 | / | 50 |
| Blacksmith | 1 | 140 | / | 60 |
| Barracks | 2 | 320 | / | 120 |
| Town Hall | 3 | 1155 | / | 615 |
| Arcane Vault | 3 | 390 | / | 90 |
| Cannon Tower | 5 | 600 | / | 500 |
| Arcane Sanctum | 3 | 450 | / | 420 |
| Workshop | 2 | 280 | / | 280 |
| Gryphon Aviary | 2 | 280 | / | 300 |
| Keep | 2 | 640 | / | 420 |
| Castle | 2 | 720 | / | 420 |
| total: | 68 | 5555g | / | 2915w |
| 0:03 | Peasant |
| 0:03 | Peasant |
| 0:22 | Lumber Mill |
| 0:25 | Peasant |
| 0:36 | Farm |
| 0:37 | Altar of Kings |
| 0:43 | Peasant |
| 0:55 | Peasant |
| 1:05 | Peasant |
| 1:16 | Peasant |
| 1:36 | Peasant |
| 1:38 | Blacksmith |
| 1:43 | Barracks |
| 1:46 | Barracks |
| 1:49 | Peasant |
| 1:59 | Farm |
| 2:03 | Farm |
| 2:18 | Farm |
| 2:42 | Peasant |
| 2:49 | Footman |
| 2:51 | Rifleman |
| 2:57 | Summon Water Elemental |
| 3:17 | Peasant |
| 3:18 | Rifleman |
| 3:25 | Peasant |
| 3:29 | Farm |
| 3:43 | Peasant |
| 3:43 | Peasant |
| 3:47 | Scout Tower |
| 4:18 | Arcane Tower |
| 4:24 | Rifleman |
| 4:31 | Farm |
| 4:52 | Scout Tower |
| 5:00 | Rifleman |
| 5:04 | Keep |
| 5:08 | Farm |
| 5:12 | Brilliance Aura |
| 5:18 | Rifleman |
| 5:22 | Guard Tower |
| 5:58 | Rifleman |
| 6:12 | Scout Tower |
| 6:21 | Summon Water Elemental |
| 6:23 | Arcane Tower |
| 6:40 | Town Hall |
| 6:42 | Scout Tower |
| 7:10 | Guard Tower |
| 7:23 | Rifleman |
| 7:31 | Arcane Sanctum |
| 7:43 | Scout Tower |
| 7:54 | Arcane Vault |
| 8:02 | Improved Masonry |
| 8:16 | Guard Tower |
| 8:18 | Scout Tower |
| 8:24 | Peasant |
| 8:24 | Peasant |
| 8:24 | Peasant |
| 8:24 | Peasant |
| 9:12 | Brilliance Aura |
| 9:16 | Scout Tower |
| 9:18 | Peasant |
| 9:18 | Peasant |
| 9:24 | Town Hall |
| 9:34 | Arcane Tower |
| 9:41 | Sorceress |
| 9:42 | Priest |
| 9:56 | Potion of Invulnerability |
| 10:05 | Stone Token |
| 10:05 | Stone Token |
| 10:18 | Potion of Greater Healing |
| 10:19 | Potion of Greater Healing |
| 10:26 | Priest Adept Training |
| 10:36 | Improved Lumber Harvesting |
| 10:44 | Scout Tower |
| 10:46 | Scout Tower |
| 10:47 | Scout Tower |
| 10:52 | Holy Light |
| 10:54 | Scroll of Regeneration |
| 10:55 | Ivory Tower |
| 10:55 | Ivory Tower |
| 10:57 | Potion of Healing |
| 10:58 | Lesser Clarity Potion |
| 11:01 | Lesser Clarity Potion |
| 11:08 | Guard Tower |
| 11:11 | Scout Tower |
| 11:14 | Scout Tower |
| 11:45 | Arcane Sanctum |
| 11:51 | Guard Tower |
| 11:58 | Scout Tower |
| 12:00 | Scout Tower |
| 12:04 | Castle |
| 12:07 | Peasant |
| 12:08 | Peasant |
| 12:08 | Peasant |
| 12:08 | Guard Tower |
| 12:10 | Scout Tower |
| 12:14 | Arcane Vault |
| 12:21 | Arcane Vault |
| 12:29 | Spell Breaker |
| 12:30 | Priest |
| 12:30 | Sorceress |
| 12:33 | Rifleman |
| 12:37 | Guard Tower |
| 12:43 | Workshop |
| 12:50 | Advanced Masonry |
| 13:51 | Workshop |
| 13:55 | Sorceress |
| 13:55 | Sorceress |
| 13:58 | Potion of Healing |
| 14:01 | Sorceress Adept Training |
| 14:04 | Arcane Sanctum |
| 14:07 | Lumber Mill |
| 14:10 | Scroll of Town Portal |
| 14:47 | Scroll of Healing |
| 14:47 | Potion of Lesser Invulnerability |
| 14:49 | Potion of Invisibility |
| 14:55 | Boots of Speed |
| 15:00 | Siege Engine |
| 15:05 | Farm |
| 15:06 | Farm |
| 15:23 | Mortar Team |
| 15:26 | Staff of Sanctuary |
| 15:34 | Sorceress Master Training |
| 15:36 | Advanced Lumber Harvesting |
| 15:36 | Imbued Masonry |
| 16:01 | Scroll of Healing |
| 16:53 | Storm Bolt |
| 17:25 | Mortar Team |
| 17:31 | Scout Tower |
| 17:33 | Scout Tower |
| 17:35 | Scout Tower |
| 17:35 | Scout Tower |
| 17:40 | Scout Tower |
| 17:42 | Scout Tower |
| 17:47 | Scroll of Regeneration |
| 17:54 | Potion of Healing |
| 18:00 | Scroll of Town Portal |
| 18:09 | Lesser Clarity Potion |
| 18:11 | Potion of Mana |
| 18:12 | Staff of Sanctuary |
| 18:15 | Boots of Speed |
| 18:22 | Potion of Healing |
| 18:22 | Potion of Mana |
| 18:23 | Lesser Clarity Potion |
| 18:24 | Scroll of Regeneration |
| 18:26 | Orb of Fire |
| 18:31 | Scroll of Town Portal |
| 18:36 | Sorceress |
| 18:37 | Priest Master Training |
| 19:38 | Mortar Team |
| 19:42 | Siege Engine |
| 19:42 | Siege Engine |
| 19:57 | Animal War Training |
| 19:59 | Arcane Tower |
| 19:59 | Guard Tower |
| 20:00 | Cannon Tower |
| 20:02 | Cannon Tower |
| 20:03 | Arcane Tower |
| 20:39 | Siege Engine |
| 20:44 | Scroll of Town Portal |
| 20:49 | Knight |
| 20:49 | Knight |
| 20:56 | Black Gunpowder |
| 20:57 | Iron Plating |
| 21:01 | Barrage |
| 21:08 | Cannon Tower |
| 21:12 | Scout Tower |
| 21:13 | Scout Tower |
| 21:15 | Scout Tower |
| 21:28 | Flak Cannons |
| 21:28 | Flying Machine |
| 21:30 | Flying Machine |
| 21:31 | Flying Machine |
| 21:35 | Gryphon Aviary |
| 22:11 | Spell Breaker |
| 22:21 | Scroll of Town Portal |
| 22:28 | Staff of Sanctuary |
| 23:22 | Scout Tower |
| 23:23 | Scout Tower |
| 23:23 | Scout Tower |
| 23:24 | Scout Tower |
| 23:24 | Scout Tower |
| 23:25 | Scout Tower |
| 23:26 | Scout Tower |
| 23:26 | Scout Tower |
| 23:29 | Peasant |
| 23:29 | Peasant |
| 23:30 | Peasant |
| 23:30 | Peasant |
| 23:30 | Peasant |
| 23:36 | Dragonhawk Rider |
| 23:37 | Dragonhawk Rider |
| 23:38 | Gryphon Aviary |
| 23:40 | Refined Gunpowder |
| 24:23 | Cannon Tower |
| 24:25 | Arcane Tower |
| 24:34 | Farm |
| 24:36 | Farm |
| 24:37 | Farm |
| 24:39 | Farm |
| 25:35 | Divine Shield |
| 25:48 | Summon Water Elemental |
| 26:05 | Bash |
| 26:11 | Iron Forged Swords |
| 26:25 | Flying Machine |
| 27:41 | Arcane Tower |
| 27:49 | Dragonhawk Rider |
| 27:55 | Sorceress |
| 27:55 | Priest |
| 27:57 | Knight |
| 27:58 | Knight |
| 28:01 | Scroll of Town Portal |
| 28:04 | Potion of Healing |
| 28:24 | Magic Sentry |
| 28:38 | Potion of Invulnerability |
| 28:42 | Potion of Lesser Invulnerability |
| 28:43 | Boots of Speed |
| 28:47 | Staff of Teleportation |
| 29:36 | Lesser Clarity Potion |
| 29:58 | Red Drake Egg |
| 30:19 | Cannon Tower |
| 30:21 | Guard Tower |
| 30:46 | Steel Forged Swords |
| 30:46 | Mithril Forged Swords |
| 31:33 | Town Hall |
| 31:35 | Scout Tower |
| 32:17 | Arcane Tower |
| 32:19 | Arcane Tower |
| 32:36 | Dragonhawk Rider |
| 32:39 | Priest |
| 33:36 | Scroll of Town Portal |
| 34:46 | Legion Doom-Horn |
| 35:37 | Peasant |
| 35:37 | Peasant |
| 35:37 | Peasant |
| 35:37 | Peasant |
| 35:42 | Scroll of Town Portal |
| 35:52 | Peasant |
| 35:52 | Peasant |
| 36:06 | Holy Light |
| 37:36 | Potion of Healing |
| 37:37 | Scroll of Town Portal |
| 38:17 | Spell Breaker |
| 38:23 | Sorceress |
| 41:32 | Scroll of Town Portal |
| 41:35 | Potion of Healing |
| 41:57 | Spiked Collar |
| 42:04 | Sentry Wards |
| 42:21 | Scout Tower |
| 42:23 | Scout Tower |
| 43:24 | Storm Bolt |
| 43:57 | Scout Tower |
| Right click | 1912 |
| Select group | 1230 |
| Select | 864 |
| Build/train/purchase | 366 |
| Chat | 199 |
| Use ability | 127 |
| Assign group | 99 |
| Misc. action | 41 |
| Item give/drop | 22 |
| Esc | 19 |
| Remove unit | 2 |
/ 2.3k
22 buildings @ 3k
/ 1.3k


| Peasant | 45 | 3375 | / | 0 |
| Rifleman | 4 | 820 | / | 120 |
| Priest | 9 | 1215 | / | 90 |
| Sorceress | 10 | 1550 | / | 200 |
| Knight | 14 | 3430 | / | 840 |
| Gryphon Rider | 15 | 4200 | / | 1050 |
| total: | 97 | 14590g | / | 2300w |
| Scout Tower | 1 | 30 | / | 20 |
| Guard Tower | 1 | 70 | / | 50 |
| Altar of Kings | 1 | 180 | / | 50 |
| Farm | 12 | 960 | / | 240 |
| Barracks | 1 | 160 | / | 60 |
| Blacksmith | 1 | 140 | / | 60 |
| Lumber Mill | 1 | 120 | / | 0 |
| Town Hall | 3 | 1155 | / | 615 |
| Arcane Sanctum | 1 | 150 | / | 140 |
| Gryphon Aviary | 1 | 140 | / | 150 |
| Keep | 1 | 320 | / | 210 |
| Castle | 1 | 360 | / | 210 |
| total: | 22 | 3035g | / | 1335w |
| 0:06 | Peasant |
| 0:07 | Peasant |
| 0:07 | Peasant |
| 0:07 | Peasant |
| 0:07 | Peasant |
| 0:08 | Peasant |
| 0:10 | Peasant |
| 1:24 | Altar of Kings |
| 1:42 | Farm |
| 1:53 | Keep |
| 2:24 | Farm |
| 2:31 | Barracks |
| 3:07 | Farm |
| 3:27 | Blacksmith |
| 3:41 | Lumber Mill |
| 3:50 | Farm |
| 4:16 | Arcane Sanctum |
| 4:33 | Farm |
| 4:42 | Rifleman |
| 4:42 | Rifleman |
| 5:15 | Farm |
| 5:35 | Priest |
| 5:36 | Priest |
| 5:48 | Summon Water Elemental |
| 5:51 | Thunder Clap |
| 5:58 | Farm |
| 6:00 | Rifleman |
| 6:05 | Castle |
| 6:40 | Farm |
| 6:44 | Rifleman |
| 6:46 | Studded Leather Armor |
| 6:50 | Priest Adept Training |
| 7:27 | Farm |
| 7:28 | Long Rifles |
| 7:51 | Sorceress |
| 7:52 | Sorceress Adept Training |
| 7:59 | Bash |
| 8:02 | Blizzard |
| 8:26 | Farm |
| 8:28 | Peasant |
| 8:28 | Peasant |
| 8:28 | Peasant |
| 8:34 | Reinforced Leather Armor |
| 8:54 | Sorceress |
| 9:18 | Farm |
| 9:21 | Knight |
| 10:40 | Farm |
| 10:59 | Blizzard |
| 11:04 | Iron Forged Swords |
| 11:10 | Gryphon Aviary |
| 11:12 | Sorceress |
| 11:12 | Sorceress |
| 11:12 | Sorceress Master Training |
| 11:15 | Animal War Training |
| 11:38 | Priest |
| 11:38 | Priest |
| 12:10 | Knight |
| 12:13 | Iron Plating |
| 12:31 | Town Hall |
| 12:46 | Gryphon Rider |
| 12:46 | Gryphon Rider |
| 13:32 | Thunder Clap |
| 14:49 | Knight |
| 14:52 | Sorceress |
| 14:57 | Steel Forged Swords |
| 15:46 | Peasant |
| 15:46 | Peasant |
| 15:47 | Peasant |
| 15:57 | Summon Water Elemental |
| 16:35 | Peasant |
| 16:35 | Peasant |
| 16:35 | Peasant |
| 17:39 | Bash |
| 17:56 | Knight |
| 17:58 | Gryphon Rider |
| 18:00 | Sorceress |
| 18:40 | Scout Tower |
| 18:44 | Peasant |
| 18:45 | Peasant |
| 19:14 | Guard Tower |
| 20:26 | Sundering Blades |
| 20:28 | Steel Plating |
| 20:31 | Storm Hammers |
| 21:05 | Peasant |
| 21:06 | Peasant |
| 21:06 | Peasant |
| 21:06 | Peasant |
| 21:35 | Peasant |
| 21:35 | Peasant |
| 22:11 | Gryphon Rider |
| 22:54 | Knight |
| 22:57 | Sorceress |
| 25:04 | Gryphon Rider |
| 25:12 | Sorceress |
| 25:50 | Thunder Clap |
| 25:52 | Thunder Clap |
| 25:53 | Thunder Clap |
| 25:54 | Thunder Clap |
| 26:10 | Priest |
| 26:13 | Knight |
| 26:15 | Gryphon Rider |
| 27:08 | Peasant |
| 27:08 | Peasant |
| 27:08 | Peasant |
| 27:25 | Gryphon Rider |
| 28:05 | Town Hall |
| 29:00 | Gryphon Rider |
| 29:01 | Knight |
| 29:05 | Mithril Plating |
| 29:09 | Sorceress |
| 29:35 | Knight |
| 30:03 | Gryphon Rider |
| 30:40 | Knight |
| 31:25 | Peasant |
| 31:25 | Peasant |
| 31:26 | Peasant |
| 32:17 | Peasant |
| 32:35 | Peasant |
| 33:23 | Priest |
| 34:07 | Town Hall |
| 35:19 | Knight |
| 35:51 | Gryphon Rider |
| 36:25 | Knight |
| 36:49 | Gryphon Rider |
| 38:32 | Peasant |
| 38:33 | Peasant |
| 38:33 | Peasant |
| 38:33 | Peasant |
| 38:43 | Gryphon Rider |
| 38:45 | Sorceress |
| 39:06 | Priest |
| 39:18 | Priest Master Training |
| 40:22 | Knight |
| 40:59 | Priest |
| 41:38 | Priest |
| 41:40 | Gryphon Rider |
| 41:44 | Peasant |
| 41:45 | Peasant |
| 41:45 | Peasant |
| 42:15 | Knight |
| 42:24 | Peasant |
| 42:24 | Peasant |
| 43:08 | Knight |
| 43:19 | Peasant |
| 43:20 | Peasant |
| 43:20 | Peasant |
| 43:23 | Peasant |
| 44:14 | Gryphon Rider |
| 44:14 | Gryphon Rider |
| Select | 379 |
| Select group | 308 |
| Right click | 223 |
| Build/train/purchase | 154 |
| Misc. action | 100 |
| Assign group | 28 |
| Use ability | 13 |
| Remove unit | 2 |